Map: Orbital Shipyard

Players

llllllllllll - Winner!

  • Race: Protoss Protoss
  • League: Master

Cereal

  • Race: Zerg Zerg
  • League: Diamond

VOD

Have the link to the VOD?

Description

Time

  • Played on: Nov. 14, 2015, 2:21 p.m.
  • Length: 6:01
Show
View Real Time Build Order
Export as new Build Order

llllllllllll Protoss - Winner!

Build Orders:  

Get SALT Encoding   

  12  0:01  Probe (Chrono Boost)  
  13  0:18  Probe (Chrono Boost)  
  13  0:20  Pylon  
  14  0:28  Probe (Chrono Boost)  
  15  0:38  Gateway  
  15  0:39  Probe (Chrono Boost)  
  16  0:49  Probe (Chrono Boost), Assimilator  
  17  0:54  Assimilator  
  17  1:00  Probe (Chrono Boost)  
  18  1:11  Probe (Chrono Boost)  
  19  1:21  Probe (Chrono Boost)  
  19  1:25  Cybernetics Core  
  20  1:32  Probe (Chrono Boost)  
  21  1:45  Nexus  
  21  1:52  Pylon  
  21  1:55  Probe (Chrono Boost)  
  22  2:01  Warp Gate  
  22  2:05  Probe (Chrono Boost)  
  23  2:10  Sentry  
  25  2:18  Mothership Core (Chrono Boost)  
  27  2:31  Pylon  
  27  2:36  Probe (Chrono Boost)  
  30  2:37  Sentry  
  30  2:47  Probe (Chrono Boost)  
  31  2:57  Probe (Chrono Boost)  
  32  2:59  Probe (Chrono Boost)  
  32  3:01  Robotics Facility  
  33  3:08  Probe (Chrono Boost)  
  33  3:10  Probe (Chrono Boost), Gateway  
  35  3:14  Gateway  
  35  3:15  Sentry  
  38  3:20  Probe (Chrono Boost)  
  38  3:22  Probe (Chrono Boost)  
  39  3:38  Gateway  
  39  3:40  Gateway  
  39  3:44  Sentry  
  39  3:47  Warp Prism (Chrono Boost)  
  43  3:52  Gateway  
  43  3:58  Gateway  
  43  4:12  Pylon  
  43  4:13  Probe, Pylon  
  43  4:14  Probe  
  45  4:17  Sentry x2  
  49  4:24  Probe  
  49  4:27  Probe  
  51  4:34  Pylon  
  51  4:44  Adept x2  
  51  4:45  Adept  
  57  4:46  Adept x2  
  57  4:47  Adept  
  63  4:55  Pylon  
  63  5:10  Pylon  
  63  5:11  Adept x3  
  63  5:12  Adept x2  
  73  5:19  Adept x2  
  77  5:35  Pylon  
  77  5:48  Adept x3  
  77  5:49  Adept x4  
Show
View Real Time Build Order
Export as new Build Order

Cereal Zerg 

Build Orders: Pool First 

Get SALT Encoding   

  12  0:01  Drone  
  13  0:12  Overlord  
  13  0:18  Drone  
  14  0:30  Drone  
  14  0:31  Drone  
  14  0:34  Drone  
  17  0:45  Drone  
  18  0:56  Drone, Spawning Pool  
  18  1:07  Drone  
  19  1:15  Hatchery  
  18  1:21  Overlord  
  18  1:42  Zergling x4  
  18  1:43  Queen  
  22  1:57  Drone  
  22  2:00  Hatchery  
  22  2:05  Drone  
  23  2:11  Drone  
  24  2:19  Queen  
  26  2:24  Drone  
  26  2:28  Drone  
  28  2:37  Drone  
  28  2:57  Overlord  
  27  2:58  Overlord  
  27  3:02  Drone  
  28  3:11  Queen  
  30  3:14  Drone  
  30  3:15  Drone x3  
  30  3:17  Drone x2  
  36  3:20  Drone  
  36  3:23  Drone  
  36  3:24  Drone  
  39  3:30  Drone x3  
  39  3:33  Drone x4, Extractor  
  45  3:34  Extractor  
  45  3:37  Drone  
  45  3:42  Overlord  
  45  3:44  Drone x2  
  47  3:56  Drone x2  
  47  3:58  Drone  
  47  4:00  Drone x3, Overlord  
  47  4:02  Overlord  
  53  4:05  Drone x2  
  55  4:10  Drone x2  
  55  4:16  Drone  
  58  4:18  Lair  
  58  4:20  Drone x2  
  58  4:21  Roach Warren  
  58  4:23  Drone x3  
  58  4:24  Evolution Chamber, Extractor  
  61  4:27  Drone  
  61  4:32  Overlord  
  61  4:33  Drone  
  61  4:36  Metabolic Boost  
  62  4:42  Drone  
  62  4:43  Zergling x2  
  62  4:44  Zergling x4  
  66  4:45  Hatchery  
  66  4:49  Overlord x2  
  65  4:57  Zergling x14  
  72  5:01  Roach  
  72  5:06  Roach  
  72  5:07  Roach x2  
  72  5:11  Zergling x2  
  76  5:16  Zergling x6  
  78  5:26  Roach x2  
  71  5:31  Roach x2  
  71  5:33  Zergling x4  
  75  5:37  Zergling x6  
Tags
 
Add a new tag
Caveats
  • Supply blocks, unpowered buildings, or Contaminate may cause inaccurate times.
  • Supply counts are checked every 10 seconds.